 Dungeon Crawl Stone Soup version 0.20.0-10-g0535bb4 (console) character file.

26 jeanjacques the Chopper (level 3, -4/31 HPs)
             Began as a Ghoul Gladiator on June 5, 2017.
             Slain by a goblin
             ... wielding a +0 dagger
             ... led by Robin
              (6 damage)
             ... on level 2 of the Dungeon.
             The game lasted 00:01:01 (238 turns).

jeanjacques the Chopper (Ghoul Gladiator)            Turns: 238, Time: 00:01:02

Health: -4/31      AC:  4    Str: 17 (18) XL:     3   Next: 8%
Magic:  2/2        EV: 12    Int:  2 (3)  God:
Gold:   0          SH:  0    Dex:  9 (10) Spells: 2/2 levels left

rFire    . . .     SeeInvis .   b - +2 dagger (venom)
rCold    + . .     Gourm    .   (no shield)
rNeg     + + +     Faith    .   e - +0 leather armour
rPois    ∞         Spirit   .   c - +0 helmet
rElec    .         Reflect  .   (no cloak)
rCorr    .         Harm     .   (no gloves)
MR       .....                  (no boots)
Stlth    +.........             (no amulet)
Regen    0.0/turn               (no ring)
MPRegen  0.1/turn               (no ring)

@: rotting
A: rotting body, claws 1, carnivore 3, cold resistance 1, negative energy
resistance 3, inhibited regeneration, torment resistance, unbreathing
a: no special abilities


You were on level 2 of the Dungeon.
You were not hungry.

You visited 1 branch of the dungeon, and saw 2 of its levels.

Inventory:

Hand Weapons
 a - a +0 war axe
 b - a +2 dagger of venom (weapon)
Missiles
 d - 3 throwing nets (quivered)
Armour
 c - a +0 helmet (worn)
 e - a +0 leather armour (worn)
Scrolls
 i - a scroll of recharging {unknown}
 j - a scroll of enchant weapon {unknown}
Comestibles
 f - a meat ration
 g - 9 chunks of flesh {@w1}


   Skills:
 + Level 3.1 Fighting
 - Level 3.2 Axes
 - Level 1.7 Throwing
 - Level 2.6 Dodging


You had 2 spell levels left.
You didn't know any spells.

Dungeon Overview and Level Annotations

Branches:
Dungeon (1/15)

Altars:

Annotations:
D:2 Robin


Innate Abilities, Weirdness & Mutations

Your body is rotting away.
You thrive on raw meat.
You are immune to poison.
You have sharp fingernails.
You are carnivorous and can eat meat at any time.
Your flesh is cold resistant. (rC+)
You are immune to negative energy. (rN+++)
You do not regenerate when monsters are visible.
You are immune to unholy pain and torment.
You can survive without breathing.


Message History

* * * LOW HITPOINT WARNING * * *
Your leather armour prevents you from hitting the goblin.
The goblin hits you with a club.
* * * LOW HITPOINT WARNING * * *
The goblin hits you with a dagger.
* * * LOW HITPOINT WARNING * * *
A goblin comes into view. It is wielding a dagger.
The goblin shouts!
You hit the goblin.
You kill the goblin!
The goblin barely misses you. Robin throws the goblin at you!
Items here: %% ( ))) a club; an uncursed hunting sling; 19 stones; a club; a goblin corpse x2
It was a potion of mutation.
You feel extremely strange.
Your body decomposes!
You feel clumsy.
Your body decomposes!
You feel dopey.
Your body decomposes!
You feel weakened.
The hobgoblin no longer looks unusually strong.
The goblin hits you.
* * * LOW HITPOINT WARNING * * *
The goblin misses you.
Robin roars a battlecry!
The goblins go into a battle-frenzy!
You closely miss the goblin. The goblin hits you.
* * * LOW HITPOINT WARNING * * *
The goblin misses you. Robin throws the goblin at you!
You hit the goblin.
The goblin is poisoned.
The goblin is severely wounded.
The goblin hits you.
* * * LOW HITPOINT WARNING * * *
The goblin misses you. The goblin hits you but does no damage.
Robin says, "My army is invincible!"
You hit the goblin.
You kill the goblin!
The goblin hits you with a dagger.
You die...

######......#####
..............g.sg
#####.gg##.####.#
##s## .# #g# ..
#g# ### #g# #g#
#n## #g.# ##.# #.#
#.# #%## #..##
#...#####
##P.....#


You could see Robin, a giant cockroach, 2 hobgoblins and 4 goblins.

Vanquished Creatures
  A leopard gecko (D:2)
  7 goblins
  5 hobgoblins
  A ball python (D:1)
  A bat (D:2)
  8 frilled lizards
  3 rats (D:1)
26 creatures vanquished.

Notes
Turn   | Place    | Note
-------+----------+-------------------------------------------
     0 | D:1      | jeanjacques the Ghoul Gladiator began the quest for the Orb.
     0 | D:1      | Reached XP level 1. HP: 17/17 MP: 0/0
     9 | D:1      | Reached skill level 3 in Axes
    12 | D:1      | Reached XP level 2. HP: 9/24 MP: 1/1
   128 | D:1      | You fall through a shaft!
   212 | D:2      | Noticed Robin
   229 | D:2      | Reached skill level 3 in Fighting
   231 | D:2      | Reached XP level 3. HP: 15/31 MP: 2/2
   237 | D:2      | HP: 2/31 [goblin[Robin] (3)]
   238 | D:2      | Slain by a goblin

Skill      XL: |  1  2 |
---------------+-------+-----
Axes           | 3 |  3.2
Fighting       | 3 |  3.1
Throwing       | |  1.7
Dodging        | |  2.6

Action                   || total
-------------------------++-------
Melee: War axe           ||     8
       Dagger            ||    55
  Use: Potion            ||     1
  Eat: Chunk             ||     7
Armor: Leather armour    ||    18
Dodge: Dodged            ||    29

Table legend:
 A = Turns spent in this place as a percentage of turns spent in the entire game.
 B = Non-inter-level travel turns spent in this place as a percentage of non-inter-level travel turns spent in the entire game.
 C = Inter-level travel turns spent in this place as a percentage of turns spent in this place.
 D = Turns resting spent in this place as a percentage of non-inter-level travel turns spent in this place.
 E = Turns spent auto-exploring this place as a percentage of non-inter-level travel turns spent in this place.
 F = Non-inter-level travel turns spent in this place divided by the number of levels of this place that you've seen.
                   A       B       C       D       E      F
               +-------+-------+-------+-------+-------+----------------------
         Total | 100.0 | 100.0 |   0.0 |   0.0 |   7.3 |  88.5
       Dungeon | 100.0 | 100.0 |   0.0 |   0.0 |   7.3 |  88.5
               +-------+-------+-------+-------+-------+----------------------

Table legend:
 A = Kills in this place as a percentage of kills in entire the game.
 B = Kills by you in this place as a percentage of kills by you in the entire game.
 C = Kills by friends in this place as a percentage of kills by friends in the entire game.
 D = Other kills in this place as a percentage of other kills in the entire game.
 E = Experience gained in this place as a percentage of experience gained in the entire game.
 F = Experience gained in this place divided by the number of levels of this place that you have seen.
                   A       B       C       D       E      F
               +-------+-------+-------+-------+-------+----------------------
         Total | 100.0 | 100.0 |  -nan |  -nan | 100.0 |  19.0
       Dungeon | 100.0 | 100.0 |  -nan |  -nan | 100.0 |  19.0
               +-------+-------+-------+-------+-------+----------------------

Vault maps used:
D:1:      dpeg_arrival_tiny_b, serial_bayou_pond_d, minmay_tetromino_i4
D:2:      first_bread, minmay_lizard_king, uniq_robin, uniq_sigmund,
          uniq_natasha

Action                   || total
-------------------------++-------
Melee: War axe           ||     8
       Dagger            ||    55
  Use: Potion            ||     1
  Eat: Chunk             ||     7
Armor: Leather armour    ||    18
Dodge: Dodged            ||    29
